 Dungeon Sprint DCSS version 0.31-a0-339-gda1cbd555d (webtiles) character file.

Game seed: 2833214931190511546

2900000 Monkooky the Axe Maniac (level 17, -95/132 HPs)
             Began as a Kobold Warper on July 20, 2023.
             Was an Elder of Makhleb.
             Annihilated by a destroyer
             ... wielding a +9 heavy great sword
              (99 damage)
             ... in the Dungeon (Sprint VIII: "Arena of Blood").
             The game lasted 00:01:20 (29 turns).

Monkooky the Axe Maniac (Kobold Warper)               Turns: 29, Time: 00:01:21

Health: -95/132    AC:  3    Str:  8    XL:     17   Next: 5%
Magic:  19/26      EV: 29    Int: 20    God:    Makhleb [****..]
Gold:   0          SH:  0    Dex: 17    Spells: 20/20 levels left

rFire   . . .        j - +∞ Axe of Woe
rCold   . . .        (shield currently unavailable)
rNeg    . . .        b - +0 leather armour
rPois   .            (no helmet)
rElec   .            (no cloak)
rCorr   .            (no gloves)
SInv    .            (no boots)
Will    +....        (no amulet)
Stlth   ++++++++++   (no ring)
HPRegen 0.42/turn    (no ring)
MPRegen 0.20/turn

%: no teleportation
@: no status effects
A: small, no large weapons, nightstalker 3
a: Renounce Religion, Minor Destruction, Lesser Servant of Makhleb, Major
Destruction


You were in the Dungeon.
You worshipped Makhleb.
Makhleb was greatly pleased with you.
You visited 1 branch

Inventory:

Hand Weapons
 a - a +0 hand axe
 j - the +∞ Axe of Woe (weapon)
   (You found it in the Dungeon)
Missiles
 d - 7 boomerangs of dispersal (quivered)
Armour
 b - a +0 leather armour (worn)
Scrolls
 c - 2 scrolls of blinking
Potions
 e - a potion of curing
 f - a potion of heal wounds
 g - a potion of haste
 h - 2 potions of magic
 i - a potion of berserk rage


   Skills:
 + Level 24.1 Fighting
 O Level 27 Axes
 - Level 1.1 Throwing
 - Level 0.7 Armour
 + Level 23.6 Dodging
 O Level 27 Stealth
 - Level 2.1 Spellcasting
 - Level 3.0 Translocations
 - Level 12.7 Invocations


You had 20 spell levels left.
You didn't know any spells.
Your spell library contained the following spells:

 Spells                   Type           Power      Damage    Failure   Level
 Blink                    Tloc           28%        N/A       10%         2
 Lesser Beckoning         Tloc           28%        N/A       10%         2
 Teleport Other           Tloc           14%        N/A       19%         3
 Vhi's Electric Charge    Tloc/Air       16%        N/A       34%         3
 Manifold Assault         Tloc           14%        N/A       54%         4


Dungeon Overview and Level Annotations

Branches:
Dungeon (1/1)

Altars:
Makhleb


Innate Abilities, Weirdness & Mutations

You are small and have problems with some larger weapons.
You are completely attuned to the shadows.


Message History

You slash the bag of meat!
You slaughter the bag of meat joyfully.
You kill the bag of meat!
Makhleb accepts your kill.
You feel better.
The large bag of meat explodes!
The fiery explosion engulfs you!!
You are engulfed in blazing flames.
You hear a shout! x8
Your Fighting skill gained 4 levels and is now at level 24!
Your Dodging skill gained 4 levels and is now at level 23!
You have reached level 17!
You hear a shout! x7
There is a burning altar of Makhleb here.
Okay, then.
This spell is dangerous to cast!
Memorise Manifold Assault, consuming 4 spell levels and leaving 16?
The destroyer appears out of thin air!
You hear a shout! x11
You start memorising the spell.
You continue memorising.
You hear a shout! x7
The destroyer points at you and mumbles some strange words.
The destroyer blinks!
You continue memorising.
You hear a shout! x10
The meat berserker is engulfed in blazing flames.
You hear a shout! x2
The destroyer is engulfed in blazing flames.
The destroyer casts a spell at you.
The destroyer blinks!
You hear a shout! x2; You hear a roar!
You hear a shout! x2
You continue memorising.
You hear a shout! x11
The meat berserker is engulfed in blazing flames.
The meat berserker hits you with a +9 battleaxe!!!
Your memorisation is interrupted.
Ouch! That really hurt!
* * * LOW HITPOINT WARNING * * *
You hear a shout! x3
The destroyer hits you with a +9 heavy great sword!!!!
Ouch! That really hurt!
You die...

##... ..#
...###...
...._....
.. #.....#
...#@O§._#
...#V§)§.#.
....)§§§...
....)###...
###..)....#
#.....V.#
#......
.......


You could see a destroyer and a meat berserker (berserk).

Vanquished Creatures
  3 ogres (D)
  A two-headed ogre (D)
  8 orcs (D)
12 creatures vanquished.

Notes
Turn   | Place    | Note
-------+----------+-------------------------------------------
     0 | D        | Found the +∞ Axe of Woe
     0 | D        | Monkooky the Kobold Warper began the quest for the Orb.
     0 | D        | Reached XP level 1. HP: 12/12 MP: 3/3
     0 | D        | Noticed a meat berserker
     3 | D        | Became a worshipper of Makhleb the Destroyer
     4 | D        | Killed a meat berserker
     5 | D        | Reached XP level 2. HP: 17/17 MP: 5/5
     5 | D        | Reached XP level 3. HP: 21/21 MP: 6/6
     5 | D        | Reached XP level 4. HP: 26/26 MP: 7/7
     5 | D        | Reached XP level 5. HP: 30/30 MP: 8/8
     5 | D        | Reached XP level 6. HP: 35/35 MP: 9/9
     5 | D        | Reached XP level 7. HP: 40/40 MP: 10/10
     5 | D        | Reached XP level 8. HP: 44/44 MP: 11/11
     5 | D        | Reached XP level 9. HP: 48/48 MP: 12/12
     5 | D        | Reached XP level 10. HP: 53/53 MP: 13/13
     5 | D        | Reached XP level 11. HP: 57/57 MP: 14/14
     5 | D        | Reached XP level 12. HP: 62/62 MP: 15/15
     7 | D        | Noticed a bag of meat
     9 | D        | Noticed a meat berserker
     9 | D        | Noticed a bag of meat
    10 | D        | Killed a bag of meat
    10 | D        | Reached * piety under Makhleb
    11 | D        | Reached XP level 13. HP: 53/66 MP: 16/16
    11 | D        | Killed a bag of meat
    12 | D        | Reached skill level 27 in Axes
    12 | D        | Killed a meat berserker
    12 | D        | Noticed a bag of meat
    13 | D        | Reached XP level 14. HP: 72/72 MP: 17/17
    13 | D        | Noticed a meat berserker
    14 | D        | Noticed a bag of meat
    14 | D        | Noticed a bag of meat
    14 | D        | Noticed a bag of meat
    15 | D        | Killed a meat berserker
    15 | D        | Reached ** piety under Makhleb
    15 | D        | Noticed a bag of meat
    15 | D        | Noticed a bag of meat
    16 | D        | Reached skill level 27 in Stealth
    16 | D        | Reached XP level 15. HP: 89/89 MP: 17/24
    18 | D        | Reached *** piety under Makhleb
    19 | D        | Reached skill level 15 in Dodging
    20 | D        | Reached XP level 16. HP: 116/116 MP: 17/25
    20 | D        | Noticed a destroyer
    22 | D        | Noticed a large bag of meat
    24 | D        | Killed a large bag of meat
    24 | D        | Reached **** piety under Makhleb
    25 | D        | Reached XP level 17. HP: 70/132 MP: 18/26
    26 | D        | Noticed a meat berserker
    27 | D        | Noticed a destroyer
    29 | D        | HP: 4/132 [meat berserker/+9 battleaxe (68)]
    29 | D        | Annihilated by a destroyer

Illustrated notes

Levels and vault maps discovered:
D:        meatsprint

Skill      XL: |  1  2  3  4  5  6  7  8  9 10 11 12 13 14 15 16 |
---------------+-------------------------------------------------+-----
Axes           | 24 26 27 | 27.0
Stealth        | 25 27 | 27.0
Fighting       | 8 18 24 | 24.1
Invocations    | 12 | 12.7
Dodging        | 17 23 | 23.6
Throwing       | |  1.1
Armour         | |  0.7
Spellcasting   | |  2.1
Translocations | |  3.0

Action                     |  1- 3 |  4- 6 |  7- 9 | 10-12 | 13-15 | 16-18 || total
---------------------------+-------+-------+-------+-------+-------+-------++-------
  Melee: Broad axe         |     1 |       |       |     1 |     7 |     2 ||    11

Table legend: (Time is in decaauts)
 A = Elapsed time spent in this place.
 B = Non-inter-level travel time spent in this place.
 C = Inter-level travel time spent in this place.
 D = Time resting spent in this place.
 E = Time spent auto-exploring this place.
 F = Levels seen in this place.
 G = Mean time per level.
                   A        B        C        D        E       F      G
               +--------+--------+--------+--------+--------+-----+--------+
         Total |     26 |     26 |      0 |      0 |      0 |   1 |   26.0 |
       Dungeon |     26 |     26 |      0 |      0 |      0 |   1 |   26.0 |
               +--------+--------+--------+--------+--------+-----+--------+

Top non-repeatable levels by time:
       D: 26 daAuts
